 Dungeon Crawl Stone Soup version 0.26-a0-450-ge645bd13c1 (webtiles) character file.

Game seed: 2985780605502255934

43921 Morbidden the Thaumaturge (level 13, 0/76 HPs)
             Began as a Deep Elf Conjurer on July 27, 2020.
             Was the Champion of Cheibriados.
             Slain by a dire elephant (4 damage)
             ... on level 6 of the Lair of Beasts.
             The game lasted 00:45:47 (22397 turns).

Morbidden the Thaumaturge (Deep Elf Conjurer)      Turns: 22397, Time: 00:45:49

Health: 0/76       AC: 12    Str: 23    XL:     13   Next: 93%
Magic:  18/33      EV: 21    Int: 40    God:    Cheibriados [******]
Gold:   848        SH:  5    Dex: 28    Spells: 27/40 levels left

rFire    . . .     SeeInvis .   D - +9 lajatang (spect)
rCold    . . .     Faith    .   (shield currently unavailable)
rNeg     + . .     Spirit   .   f - +4 ring mail
rPois    .         Reflect  +   (no helmet)
rElec    .         Harm     .   E - +0 cloak
rCorr    +                      (no gloves)
MR       +....                  y - +0 pair of boots
Stlth    +++.......             a - amulet of reflection
HPRegen  0.22/turn              t - ring of resist corrosion
MPRegen  0.23/turn              B - ring of positive energy

@: very slow
A: no striking features
a: Bend Time, Temporal Distortion, Slouch, Step From Time, Renounce Religion


You were on level 6 of the Lair of Beasts.
You worshipped Cheibriados.
Cheibriados was exalted by your worship.
You visited 3 branches of the dungeon, and saw 19 of its levels.
You also visited: Sewer.

You collected 1562 gold pieces.
You spent 714 gold pieces at shops.

Inventory:

Hand Weapons
 D - a +9 spectral lajatang (weapon)
Missiles
 j - 22 javelins (quivered)
Armour
 f - a +4 ring mail (worn)
 y - a +0 pair of boots (worn)
 E - a +0 cloak (worn)
 L - +0 acid dragon scales
 O - +0 shadow dragon scales
Jewellery
 a - an amulet of reflection (around neck)
 e - an uncursed ring of ice
 t - a ring of resist corrosion (left hand)
 A - an uncursed ring of flight
 B - a ring of positive energy (right hand)
 H - an uncursed ring of protection from cold
Wands
 b - a wand of clouds (6)
 p - a wand of iceblast (35)
 s - a wand of disintegration (28)
 u - a wand of acid (49)
 N - a wand of flame (12)
 S - a wand of polymorph (9)
Scrolls
 d - 10 scrolls of teleportation
 g - 6 scrolls of enchant armour
 k - 10 scrolls of identify
 q - 8 scrolls of remove curse
 x - a scroll of fear
 z - 2 scrolls of amnesia
 F - 4 scrolls of enchant weapon
 J - a scroll of torment {unknown}
 M - 4 scrolls of summoning
 Q - a scroll of fog {unknown}
 R - a scroll of blinking {unknown}
Potions
 c - 3 potions of flight
 h - 2 potions of might
 i - 2 potions of heal wounds
 l - 4 potions of brilliance {unknown}
 m - 5 potions of stabbing {unknown}
 n - a potion of magic {unknown}
 o - a potion of berserk rage {unknown}
 r - 2 potions of haste {unknown}
 v - 2 potions of cancellation {unknown}
 w - 5 potions of curing {unknown}
 C - 2 potions of ambrosia {unknown}
 G - a potion of mutation {unknown}
 I - a potion of experience {unknown}
 P - 2 potions of resistance {unknown}
Miscellaneous
 K - a tin of tremorstones (1/3)


   Skills:
 * Level 6.6 Fighting
   Level 3.6 Long Blades
 + Level 5.5 Staves
 - Level 1.8 Throwing
 + Level 4.3 Armour
 * Level 9.6 Dodging
 + Level 5.2 Stealth
 + Level 1.3 Unarmed Combat
 + Level 14.1 Spellcasting
 + Level 9.4 Conjurations
 + Level 0.6 Translocations
 + Level 9.5 Air Magic
 * Level 9.6 Invocations
 + Level 6.8 Evocations


You had 27 spell levels left.
You knew the following spells:

 Your Spells              Type           Power        Failure   Level
a - Airstrike             Air            #######...   1%          4
b - Searing Ray           Conj           ######       1%          2
c - Magic Dart            Conj           ####         1%          1
d - Blink                 Tloc           N/A          1%          2
z - Iskenderun's Mystic   Conj/Tloc      ######..     2%          4

Your spell library contained the following spells:

 Spells                   Type           Power        Failure   Level
 Corona                   Hex            ####...      1%          1
 Foxfire                  Conj/Fire      ####         1%          1
 Shock                    Conj/Air       ####         1%          1
 Poisonous Vapours        Pois/Air       ######       1%          2
 Swiftness                Air            #######.     1%          2
 Conjure Flame            Conj/Fire      ######..     1%          3
 Dazzling Flash           Conj/Hex       ######       1%          3
 Mephitic Cloud           Conj/Pois/Air  ######..     1%          3
 Static Discharge         Conj/Air       #######.     1%          3
 Lightning Bolt           Conj/Air       #######...   1%          5
 Call Imp                 Summ           ####....     2%          2
 Ensorcelled Hibernation  Hex/Ice        ####..       2%          2
 Slow                     Hex            ####....     2%          2
 Fulminant Prism          Conj/Hex       ######....   2%          4
 Sticky Flame             Conj/Fire      ######..     2%          4
 Gell's Gravitas          Tloc           ####......   4%          3
 Confusing Touch          Hex            ####....     5%          3
 Ignite Poison            Fire/Tmut/Pois ####....     5%          3
 Inner Flame              Hex/Fire       ####....     5%          3
 Tukima's Dance           Hex            ####....     5%          3
 Fireball                 Conj/Fire      ######....   7%          5
 Bolt of Magma            Conj/Fire/Erth ######....   13%         5
 Ice Form                 Ice/Tmut       ####....     17%         4
 Leda's Liquefaction      Hex/Erth       ####......   17%         4
 Petrify                  Tmut/Erth      ####....     17%         4
 Freezing Cloud           Conj/Ice/Air   ######....   21%         6
 Iron Shot                Conj/Erth      ######....   36%         6
 Metabolic Englaciation   Hex/Ice        ####......   43%         5
 Summon Mana Viper        Hex/Summ       ####....     43%         5
 Yara's Violent Unravell  Hex/Tmut       ####......   43%         5
 Eringya's Noxious Bog    Tmut/Pois      ####......   95%         6
 Ozocubu's Refrigeration  Ice            ####......   95%         6
 Simulacrum               Ice/Necr       ####......   95%         6
 Statue Form              Tmut/Erth      ####.....    95%         6
 Shatter                  Erth           ####......   100%        9


Dungeon Overview and Level Annotations

Branches:
Dungeon (12/15)            Temple (1/1) D:4            Lair (6/6) D:11
  Snake (0/4) Lair:4        Slime (0/5) Lair:5          Orc (0/2) D:9
  Sewer (visited)
  Swamp: Lair:2-4    Shoals: Lair:2-4

Altars:
Ashenzari
Cheibriados
Dithmenos
Elyvilon
Fedhas
Gozag
Hepliaklqana
Kikubaaqudgha
Makhleb
Nemelex Xobeh
Okawaru
Qazlal
Ru
Sif Muna
Trog
Uskayaw
Vehumet
Wu Jian
Xom
Yredelemnul
Zin
The Shining One

Shops:
D:4 [   D:10 (((*   D:11 !

Annotations:
D:4 3 runed translucent doors, KristoblXynda's ghost, amateur TrWz
D:5 2 transporters, Dowan; Duvessa; crimsonTwin's ghost, amateur HOWr
D:9 1 runed translucent door, crimsonTwin's ghost, novice HOWr


Message History

You slash the dire elephant!
The dire elephant is heavily wounded.
Your spectral weapon hits the dire elephant!
The dire elephant tramples you!!
* * * LOW HITPOINT WARNING * * *
You hold your ground!
The dire elephant closely misses you. The dire elephant tramples you!
* * * LOW HITPOINT WARNING * * *
You hold your ground!
The dire elephant completely misses you.
Unknown command.
Unknown command.
Unknown command.
As you read the scroll of fear, it crumbles to dust.
You assume a fearsome visage.
Your spectral weapon is unaffected.
The dire elephant resists with some effort.
The dire elephant tramples you but does no damage.
The dire elephant trunk-slaps you.
You die...

......♣♣♣ ♣♣..♣♣
...♣♣♣..♣♣♣♣♣♣....♣♣ ♣♣
#..♣ ♣♣♣.......♣...♣♣♣
♣♣÷. #..♣
♣♣♣...♣♣♣♣.♣..♣♣♣♣
♣♣♣♣... ..♣♣♣
♣♣♣♣♣♣♣..♣♣♣...♣♣♣....♣♣
....♣ ♣♣..♣♣
♣♣.......♣♣♣ PP..♣
♣♣..♣♣ ♣♣.♣♣P♣♣♣ ...♣
♣♣..♣♣♣ ♣♣♣♣♣+ ...♣
♣..♣(@♣ ..♣♣♣ ♣♣..♣♣Y.♣
....♣ ♣♣..♣♣♣♣.♣ ..♣♣♣
♣♣♣..♣♣ ..♣
#..♣♣♣♣♣..♣♣♣ ...♣
........♣♣♣ ...♣
....♣.♣♣♣ ..♣♣ #..♣♣♣♣
♣♣♣ #♣♣♣


You could see a dire elephant and a friendly +9 spectral lajatang (summoned).

Vanquished Creatures
  Nessos (Lair:5)
  Josephine (Lair:6)
  7 hydras
  Harold (D:11)
  3 two-headed ogres
  A death yak (Lair:6)
  Urug (Lair:6)
  A lindwurm (Lair:5)
  Pikel (D:6)
  A deep elf mage (D:12)
  2 manticores
  5 elephants
  5 black mambas
  6 cane toads
  Maggie (Lair:1)
  3 rime drakes
  6 komodo dragons
  A polar bear (Lair:6)
  Grinder (D:6)
  5 trolls
  6 blink frogs
  10 hippogriffs
  A meliai zombie (D:10)
  6 dream sheep (Lair:4)
  2 slime creatures (Lair:5)
  Sigmund (D:3)
  A wyvern (Lair:3)
  4 wraiths (Lair:6)
  30 yaks
  3 basilisks (Lair:6)
  5 vampire mosquitoes (D:12)
  Menkaure (D:5)
  Edmund (D:4)
  2 nagas (Lair:4)
  An acid dragon (D:12)
  8 porcupines
  11 water moccasins
  A sky beast (D:12)
  2 black bears
  4 orc warriors
  An eye of draining (D:11)
  3 ice beasts
  8 ogres
  6 wolves
  3 lemures (D:6)
  7 centaurs
  11 crocodiles
  Blork the orc (D:5)
  20 bullfrogs
  A gnoll sergeant (D:12)
  A wyvern skeleton (D:8)
  6 scorpions
  20 wights
  11 killer bees
  4 electric eels
  4 howler monkeys
  2 bullfrog zombies
  4 quasits
  2 centaur zombies
  7 hounds
  5 jellies
  10 orc priests
  11 orc wizards
  2 centaur skeletons
  A bullfrog skeleton (D:12)
  Ijyb (D:5)
  5 hell rats (Lair:6)
  8 worker ants
  A worker ant zombie (D:8)
  4 gnolls
  21 adders
  A white imp (D:7)
  An ufetubus (D:5)
  An ooze (D:1)
  2 adder skeletons
  A dart slug (D:1)
  8 leopard geckos
  39 orcs
  A ball python (D:2)
  6 bats
  11 giant cockroaches
  5 goblins
  9 hobgoblins
  14 jackals
  13 kobolds
  A quokka (D:2)
  6 frilled lizards
  A giant cockroach zombie (D:5)
  A leopard gecko skeleton (D:5)
  9 rats
  3 fungi (Lair:6)
  A plant (Lair:6)
478 creatures vanquished.

Vanquished Creatures (others)
  28 fungi
  35 plants
63 creatures vanquished.

Grand Total: 541 creatures vanquished

Notes
Turn   | Place    | Note
-------+----------+-------------------------------------------
     0 | D:1      | Morbidden the Deep Elf Conjurer began the quest for the
                  | Orb.
     0 | D:1      | Reached XP level 1. HP: 10/10 MP: 6/6
   166 | D:1      | Reached XP level 2. HP: 15/15 MP: 2/8
   242 | D:1      | Reached skill level 5 in Conjurations
   402 | D:1      | Reached XP level 3. HP: 19/19 MP: 6/9
  1274 | D:2      | Learned a level 2 spell: Searing Ray
  1492 | D:2      | Reached XP level 4. HP: 24/24 MP: 3/11
  1605 | D:2      | Reached skill level 4 in Spellcasting
  2420 | D:3      | Noticed Sigmund
  2428 | D:3      | Killed Sigmund
  2428 | D:3      | Reached skill level 1 in Fighting
  2428 | D:3      | Reached skill level 5 in Spellcasting
  2428 | D:3      | Reached XP level 5. HP: 29/29 MP: 4/14
  2428 | D:3      | Reached XP level 6. HP: 34/34 MP: 4/15
  2927 | D:4      | Found a glowing drain.
  2991 | Sewer    | Entered a sewer
  3269 | D:4      | Found Noitas's Armour Emporium.
  3279 | D:4      | Noticed Edmund
  3291 | D:4      | Killed Edmund
  3455 | D:4      | Reached skill level 6 in Spellcasting
  3455 | D:4      | Reached XP level 7. HP: 28/40 MP: 6/18
  3744 | D:4      | Found a runed translucent gate.
  3746 | D:4      | Found a runed translucent gate.
  3746 | D:4      | Found a runed translucent gate.
  3747 | D:4      | Noticed KristoblXynda's ghost (amateur TrWz)
  3792 | D:4      | Learned a level 4 spell: Airstrike
  4103 | D:4      | Found a staircase to the Ecumenical Temple.
  4142 | Temple   | Entered the Ecumenical Temple
  4267 | Temple   | Became a worshipper of Cheibriados the Contemplative
  4508 | D:5      | Entered Level 5 of the Dungeon
  4549 | D:5      | Noticed Menkaure
  4552 | D:5      | Killed Menkaure
  4552 | D:5      | Reached skill level 7 in Spellcasting
  4552 | D:5      | Reached skill level 1 in Air Magic
  4744 | D:5      | Identified the cursed +0 trident of a sewer {elec, Str-3
                  | Int+6}
  4769 | D:5      | Noticed Blork the orc
  4775 | D:5      | Killed Blork the orc
  4775 | D:5      | Reached XP level 8. HP: 42/45 MP: 15/20
  4929 | D:5      | Found a transporter.
  4950 | D:5      | Found a transporter.
  4953 | D:5      | Identified the ring "Isuel" {rN+ MP+9}
  4957 | D:5      | Noticed crimsonTwin's ghost (amateur HOWr)
  4988 | D:5      | Noticed Duvessa
  5000 | D:5      | Noticed Dowan
  5267 | D:5      | Noticed Ijyb
  5271 | D:5      | Killed Ijyb
  5551 | D:5      | Reached skill level 5 in Dodging
  5918 | D:6      | Found a bloodstained altar of Trog.
  6017 | D:6      | Noticed Grinder
  6030 | D:6      | Killed Grinder
  6030 | D:6      | Reached skill level 8 in Spellcasting
  6036 | D:6      | Noticed Pikel
  6039 | D:6      | Reached * piety under Cheibriados
  6051 | D:6      | Killed Pikel
  6051 | D:6      | Reached skill level 1 in Invocations
  6051 | D:6      | Reached XP level 9. HP: 49/52 MP: 6/23
  6051 | D:6      | Reached skill level 5 in Stealth
  6316 | D:6      | Reached skill level 1 in Throwing
  6530 | D:6      | Reached skill level 1 in Unarmed Combat
  6962 | D:6      | Reached ** piety under Cheibriados
  7328 | D:7      | Reached skill level 9 in Spellcasting
  8815 | D:8      | Reached *** piety under Cheibriados
  8815 | D:8      | Reached skill level 1 in Long Blades
  8905 | D:8      | Reached XP level 10. HP: 52/58 MP: 22/25
  9195 | D:8      | Reached skill level 1 in Armour
  9195 | D:8      | Reached skill level 5 in Air Magic
  9423 | D:8      | Reached **** piety under Cheibriados
  9579 | D:8      | Found a glowing golden altar of the Shining One.
  9761 | D:8      | Learned a level 4 spell: Iskenderun's Mystic Blast
  9832 | D:9      | Reached skill level 5 in Invocations
 10207 | D:9      | Found a runed translucent door.
 10207 | D:9      | Noticed crimsonTwin's ghost (novice HOWr)
 10207 | D:9      | Noticed a cyclops
 10215 | D:9      | Found a staircase to the Orcish Mines.
 10398 | D:9      | Reached skill level 5 in Fighting
 10551 | D:10     | Entered Level 10 of the Dungeon
 10551 | D:10     | Found Werphy's Weapon Boutique.
 10551 | D:10     | Noticed a two-headed ogre
 10566 | D:9      | Killed a two-headed ogre
 10566 | D:9      | Reached skill level 10 in Spellcasting
 10840 | D:10     | Found a sacrificial altar of Ru.
 10841 | D:10     | Noticed a two-headed ogre
 10948 | D:10     | Killed a two-headed ogre
 10948 | D:10     | Reached XP level 11. HP: 64/64 MP: 18/27
 11079 | D:10     | Reached ***** piety under Cheibriados
 11330 | D:10     | Found Wuym's Weapon Emporium.
 11333 | D:10     | Found Wakeixox's General Store.
 11746 | D:10     | Found Seaz's Weapon Shoppe.
 11865 | D:10     | Bought a +4 spectral lajatang for 714 gold pieces
 11877 | D:11     | Found Otumave's Distillery.
 11894 | D:11     | Noticed a two-headed ogre
 11902 | D:11     | Killed a two-headed ogre
 12057 | D:11     | Noticed Harold
 12066 | D:11     | Killed Harold
 12274 | D:11     | Reached skill level 1 in Staves
 12303 | D:11     | Reached skill level 1 in Evocations
 12407 | D:11     | Found a sparkling altar of Nemelex Xobeh.
 12576 | D:11     | Found a staircase to the Lair.
 12911 | D:11     | Reached skill level 11 in Spellcasting
 13005 | D:12     | Noticed a deep elf mage
 13435 | D:12     | Killed a deep elf mage
 13860 | D:12     | Reached XP level 12. HP: 68/69 MP: 9/29
 13875 | D:12     | Reached ****** piety under Cheibriados
 14117 | D:12     | Found a blossoming altar of Fedhas.
 14762 | Lair:1   | Entered Level 1 of the Lair of Beasts
 14877 | Lair:1   | Noticed Maggie
 14883 | Lair:1   | Killed Maggie
 14883 | Lair:1   | Reached skill level 12 in Spellcasting
 15971 | Lair:2   | You fall into a shaft and drop 1 floor!
 16516 | Lair:3   | Learned a level 2 spell: Blink
 17023 | Lair:4   | Noticed an eight-headed hydra
 17199 | Lair:4   | Killed an eight-headed hydra
 17199 | Lair:4   | Reached skill level 5 in Evocations
 17280 | Lair:4   | Noticed an eight-headed hydra
 17290 | Lair:4   | Killed an eight-headed hydra
 17671 | Lair:4   | Found a staircase to the Snake Pit.
 17774 | Lair:4   | Noticed a four-headed hydra
 17778 | Lair:4   | Killed a four-headed hydra
 17867 | Lair:4   | Noticed a four-headed hydra
 17876 | Lair:4   | Killed a four-headed hydra
 18085 | Lair:4   | Reached skill level 13 in Spellcasting
 18177 | Lair:4   | Reached XP level 13. HP: 63/74 MP: 32/32
 19197 | Lair:5   | Noticed Nessos
 19202 | Lair:5   | Killed Nessos
 19932 | Lair:5   | Reached skill level 5 in Staves
 20075 | Lair:5   | Found a staircase to the Slime Pits.
 20351 | Lair:6   | Entered Level 6 of the Lair of Beasts
 20848 | Lair:6   | Noticed Josephine
 20853 | Lair:6   | Killed Josephine
 21536 | Lair:6   | Reached skill level 14 in Spellcasting
 21750 | Lair:6   | Noticed Urug
 21755 | Lair:6   | Killed Urug
 22357 | Lair:6   | Identified the Incunabulum of Captivating Intoxication
 22390 | Lair:6   | Noticed a dire elephant
 22397 | Lair:6   | Slain by a dire elephant

Illustrated notes

Levels and vault maps discovered:
D:1:      onia_arrival_mini_spirals, layout_loops_cross, minmay_split_cup_large
D:2:      layout_loops_ring, palyth_stone_intersect
D:3:      layout_rooms, guppyfry_early_lair_pool, uniq_sigmund
D:4:      layout_rooms, minmay_temple_entry_proselytizer, portal_sewer_entry_f,
          gammafunk_ghost_necromancy, serial_shops,
          nicolae_shop_window_shopping, uniq_edmund
D:5:      layout_gridville, gammafunk_ghost_gnarly_gnolls, grunt_decor_cap,
          uniq_duvessa, uniq_menkaure, uniq_ijyb, uniq_blork_the_orc
D:6:      layout_basic, trog_book, uniq_grinder, uniq_pikel
D:7:      layout_loops_corners, serial_bayou_lagoon_a, kennysheep_small_spiral
D:8:      layout_basic, kennysheep_mini
D:9:      layout_basic, orc_0_dummy, ebering_ghost_inner_flame
D:10:     layout_rooms, serial_shops, shop, shop, nicolae_shop_crystal, shop,
          minivault_14, nicolae_ru_sacrificial_ziggurat
D:11:     layout_basic, due_lair_maze_entry_diamond, serial_shops, shop,
          basic_altar, uniq_harold
D:12:     layout_irregular_city, fedhas_altar_1
Temple:   kilobyte_greek_temple
Lair:1:   layout_big_grid, st_stairs_13, grunt_megastairs_2,
          infiniplex_staircase_pool, serial_bayou_shore_b, serial_bayou_shore_b,
          uniq_maggie
Lair:2:   layout_misc_corridors, skrybe_swamp_entry_bodies
Lair:3:   layout_roguey
Lair:4:   layout_regular_city, guppyfry_snake_entry_island, nzn_random_ring,
          wad_woods_river_01
Lair:5:   layout_misc_corridors, minmay_slime_entry_pillars, uniq_nessos
Lair:6:   evil_forest, layout_loops_ring, serial_bayou_lake_a,
          infiniplex_staircase_pool_2, uniq_urug, uniq_josephine

Skill      XL: |  1  2  3  4  5  6  7  8  9 10 11 12 13 |
---------------+----------------------------------------+-----
Conjurations   | 5 6 7 8 9 |  9.4
Spellcasting   | 5 6 7 8 9 10 11 13 14 | 14.1
Fighting       | 1 2 3 4 5 6 |  6.6
Dodging        | 3 4 5 6 7 8 9 |  9.6
Stealth        | 3 4 5 |  5.2
Air Magic      | 2 3 4 5 7 8 9 |  9.5
Invocations    | 1 4 5 6 8 9 |  9.6
Throwing       | 1 |  1.8
Unarmed Combat | 1 |  1.3
Long Blades    | 1 3 |  3.6
Armour         | 2 3 4 |  4.3
Staves         | 2 4 5 |  5.5
Evocations     | 3 5 6 |  6.8
Translocations | |  0.6

Action                   |  1- 3 |  4- 6 |  7- 9 | 10-12 | 13-15 || total
-------------------------+-------+-------+-------+-------+-------++-------
Melee: Unarmed           |       |       |    11 |       |       ||    11
       Scimitar          |       |       |    30 |    39 |       ||    69
       Punch             |       |       |       |     1 |       ||     1
       Lajatang          |       |       |       |   122 |   100 ||   222
Throw: Javelin           |       |       |    14 |     3 |     5 ||    22
 Cast: Magic Dart        |    81 |    82 |   170 |   101 |       ||   434
       Searing Ray       |     1 |     9 |    38 |    40 |     5 ||    93
       Airstrike         |       |       |    10 |   157 |    89 ||   256
       Iskenderun's Myst |       |       |       |     7 |     9 ||    16
Evoke: Wand              |       |       |     4 |     3 |     7 ||    14
       Tin of tremorston |       |       |       |     3 |     3 ||     6
  Use: Scroll            |       |     8 |     7 |     8 |     2 ||    25
       Potion            |       |       |     3 |     1 |       ||     4
 Stab: Confused          |       |       |     1 |       |       ||     1
       Sleeping          |       |       |     1 |     1 |     2 ||     4
       Distracted        |       |       |       |       |     2 ||     2
Armor: Robe              |     1 |     1 |     3 |       |       ||     5
       Ring mail         |       |       |     9 |    63 |    23 ||    95
Dodge: Dodged            |     2 |    14 |    80 |   276 |   104 ||   476
Block: Other             |       |       |     8 |    74 |    31 ||   113
       Reflection        |       |       |       |     2 |       ||     2
       Rpst.: Scimitar   |       |       |    15 |    14 |       ||    29

Table legend: (Time is in decaauts)
 A = Elapsed time spent in this place.
 B = Non-inter-level travel time spent in this place.
 C = Inter-level travel time spent in this place.
 D = Time resting spent in this place.
 E = Time spent auto-exploring this place.
 F = Levels seen in this place.
 G = Mean time per level.
                   A        B        C        D        E       F      G
               +--------+--------+--------+--------+--------+-----+--------+
         Total |  28522 |  27432 |   1090 |   1930 |  22506 |  20 | 1426.1 |
       Dungeon |  17224 |  16521 |    703 |   1259 |  13302 |  12 | 1435.3 |
        Temple |    175 |    175 |      0 |      0 |    117 |   1 |  175.0 |
          Lair |  10859 |  10472 |    387 |    627 |   8909 |   6 | 1809.8 |
         Sewer |    263 |    263 |      0 |     44 |    178 |   1 |  263.0 |
               +--------+--------+--------+--------+--------+-----+--------+

Top non-repeatable levels by time:
  Lair:4: 2871 daAuts
  Lair:6: 2531 daAuts
    D:12: 2220 daAuts
     D:7: 2010 daAuts
  Lair:5: 1919 daAuts
    D:10: 1788 daAuts
  Lair:1: 1650 daAuts
  Lair:3: 1649 daAuts
     D:6: 1622 daAuts
    D:11: 1610 daAuts
     D:5: 1531 daAuts
     D:4: 1237 daAuts
     D:8: 1233 daAuts
     D:1: 1138 daAuts
     D:9: 1066 daAuts
